 Dungeon Crawl Stone Soup version 0.25.1-2-g60ff931df9 (webtiles) character file.

Game seed: 6559198604849803486

304 Exodus22XD the Slasher (level 6, -6/48 HPs)
             Began as a Human Berserker on Oct 17, 2020.
             Was a Believer of Trog.
             Mangled by an iguana (11 damage)
             ... on level 4 of the Dungeon.
             The game lasted 00:04:05 (2826 turns).

Exodus22XD the Slasher (Human Berserker)            Turns: 2826, Time: 00:04:06

Health: -6/48      AC:  9    Str: 25    XL:     6   Next: 66%
Magic:  6/6        EV:  9    Int:  7    God:    Trog [**....]
Gold:   218        SH:  0    Dex: 13    Spells: 5/5 levels left

rFire    . . .     SeeInvis .   l - +1 falchion (holy)
rCold    . . .     Gourm    .   (no shield)
rNeg     . . .     Faith    .   f - +0 chain mail
rPois    .         Spirit   .   (no helmet)
rElec    .         Reflect  .   (no cloak)
rCorr    .         Harm     .   (no gloves)
MR       ++...     Rnd*Tele +   (no boots)
Stlth    ..........             (no amulet)
HPRegen  1.16/turn              e - ring of teleportation (curse)
MPRegen  0.10/turn              h - +6 ring of strength

@: berserk cooldown, regenerating, slowed, very slow
A: no striking features
a: Berserk, Trog's Hand, Renounce Religion


You were on level 4 of the Dungeon.
You worshipped Trog.
Trog was pleased with you.
You were hungry.

You visited 1 branch of the dungeon, and saw 5 of its levels.

You collected 218 gold pieces.

Inventory:

Hand Weapons
 l - a +1 falchion of holy wrath (weapon)
Armour
 f - a +0 chain mail (worn)
Jewellery
 e - a cursed ring of teleportation (left hand)
 h - a +6 ring of strength (right hand)
Scrolls
 d - a scroll of remove curse
 i - a scroll of teleportation
 j - a scroll of enchant weapon
 k - a scroll of blinking {unknown}
 n - 2 scrolls of amnesia {unknown}
 o - a scroll of identify
Potions
 b - a potion of stabbing
 g - a potion of invisibility {unknown}
Comestibles
 c - 7 rations


   Skills:
 + Level 3.9 Fighting
 + Level 5.2 Long Blades
 + Level 3.8 Armour
 + Level 2.5 Dodging


You had 5 spell levels left.
You didn't know any spells.
Your spell library was empty.

Dungeon Overview and Level Annotations

Branches:
Dungeon (5/15)
 Temple: D:4-7

Altars:


Message History

You feel resistant to hostile enchantments.
You feel somewhat more hungry.
The giant cockroach bites you but does no damage.
The iguana closely misses you.
You riposte.
You hit the iguana.
The iguana is heavily wounded.
The giant cockroach bites you.
* * * LOW HITPOINT WARNING * * *
The dart slug bites you but does no damage.
Eat a chunk of flesh? (ye/n/q)
You eat the chunk of flesh.
This raw flesh tastes terrible.
You are feeling hungry.
The giant cockroach closely misses you.
You riposte.
You slash the giant cockroach!
You kill the giant cockroach!
Trog accepts your kill. The iguana bites you.
* * * LOW HITPOINT WARNING * * *
The dart slug launches a dart at you. The slug dart misses you.
The iguana bites you!
You die...

# ######....
#.>.......
#.##.#.#.. #@#
# #....)lw....#
#....<..##.#...
#........ ..
#...##... ...
#... ##.## ##
#.. #.# .. ..#


You could see an iguana and a dart slug.

Vanquished Creatures
  A centaur (D:5)
  A crimson imp (D:5)
  Jessica (D:2)
  4 gnolls (D:4)
  3 adders
  A shadow imp (D:5)
  An ooze (D:1)
  2 worms (D:2)
  A dart slug (D:2)
  3 leopard geckos
  4 orcs (D:3)
  5 giant cockroaches
  7 goblins
  8 hobgoblins
  2 jackals (D:2)
  4 kobolds
  2 quokkas
  9 bats
  8 frilled lizards
  6 rats
73 creatures vanquished.

Notes
Turn   | Place    | Note
-------+----------+-------------------------------------------
     0 | D:1      | Exodus22XD the Human Berserker began the quest for the Orb.
     0 | D:1      | Reached XP level 1. HP: 18/18 MP: 1/1
   253 | D:1      | Reached XP level 2. HP: 23/24 MP: 2/2
   705 | D:1      | Reached XP level 3. HP: 29/29 MP: 3/3
   949 | D:2      | Reached ** piety under Trog
  1325 | D:2      | Reached XP level 4. HP: 35/35 MP: 4/4
  1335 | D:2      | Noticed Jessica
  2221 | D:2      | Killed Jessica
  2221 | D:2      | Reached skill level 4 in Long Blades
  2221 | D:2      | Reached XP level 5. HP: 39/41 MP: 5/5
  2392 | D:3      | You fall into a shaft and drop 2 floors!
  2392 | D:5      | Entered Level 5 of the Dungeon
  2510 | D:5      | Noticed a centaur
  2524 | D:5      | Killed a centaur
  2524 | D:5      | Reached XP level 6. HP: 23/48 MP: 6/6
  2531 | D:5      | Reached skill level 5 in Long Blades
  2826 | D:4      | Mangled by an iguana

Illustrated notes

Levels and vault maps discovered:
D:1:      dpeg_arrival_prison, layout_loops_cross
D:2:      layout_basic, minmay_hexomino_c4, uniq_jessica
D:3:      layout_basic, xom_redecorated, first_ration, nrook_loot_triangle,
          nemelex_altar_shiori
D:4:      layout_loops_ring, small_statue_alley_b
D:5:      layout_loops_corners, basic_altar

Skill      XL: |  1  2  3  4  5  6 |
---------------+-------------------+-----
Long Blades    | 4 5 |  5.2
Armour         | 3 |  3.8
Fighting       | |  3.9
Dodging        | |  2.5

Action                   |  1- 3 |  4- 6 || total
-------------------------+-------+-------++-------
Melee: Falchion          |   107 |   162 ||   269
Invok: Berserk           |       |     1 ||     1
       Trog's Hand       |       |     1 ||     1
  Use: Scroll            |       |     5 ||     5
       Potion            |       |     1 ||     1
  Eat: Chunk             |     1 |     6 ||     7
Armor: Chain mail        |    49 |   135 ||   184
       Animal skin       |     1 |       ||     1
Dodge: Dodged            |    49 |   111 ||   160
       Rpst.: Falchion   |    24 |    35 ||    59
